Map: Deathaura LE

Players

DnS

  • Race: Protoss Protoss
  • Spawn Location: 5:00

ShoWTimE - Winner!

  • Race: Protoss Protoss
  • League: Grandmaster
  • Spawn Location: 11:00

Event: DreamHack SC2 Masters 2020 Fall

VOD

Have the link to the VOD?

Description

Time

  • Played on: Aug. 28, 2020, 12:01 p.m.
  • Length: 24:30

All games in this series

Show
View Real Time Build Order
Export as new Build Order

DnS Protoss 

Build Orders: Oracle Opening, Archon Immortal 

Get SALT Encoding   

  12  0:00  Probe  
  13  0:12  Probe  
  14  0:17  Pylon  
  14  0:24  Probe (Chrono Boost)  
  15  0:36  Gateway  
  15  0:37  Probe (Chrono Boost)  
  16  0:43  Probe (Chrono Boost)  
  16  0:45  Assimilator  
  17  0:51  Probe  
  17  0:53  Assimilator  
  18  1:03  Probe (Chrono Boost)  
  19  1:07  Gateway  
  19  1:13  Probe (Chrono Boost)  
  20  1:19  Probe  
  20  1:23  Cybernetics Core  
  21  1:31  Probe  
  22  1:35  Pylon  
  22  1:43  Probe  
  23  1:55  Probe  
  24  2:01  Stalker x2  
  24  2:02  Warp Gate  
  24  2:08  Pylon  
  28  2:28  Stargate  
  28  2:34  Stalker  
  30  2:37  Stalker  
  32  3:01  Nexus  
  32  3:04  Probe  
  33  3:10  Oracle (Chrono Boost)  
  36  3:23  Probe  
  37  3:27  Pylon  
  37  3:38  Shield Battery  
  37  3:40  Probe  
  38  3:45  Shield Battery  
  38  3:58  Probe  
  38  3:59  Oracle (Chrono Boost)  
  42  4:06  Robotics Facility  
  42  4:14  Probe (Chrono Boost)  
  42  4:15  Probe (Chrono Boost)  
  46  4:24  Probe (Chrono Boost)  
  46  4:26  Probe (Chrono Boost)  
  46  4:31  Adept x2  
  46  4:33  Probe (Chrono Boost)  
  46  4:34  Probe (Chrono Boost)  
  52  4:43  Probe (Chrono Boost)  
  52  4:44  Forge  
  52  4:45  Probe (Chrono Boost)  
  54  4:49  Probe  
  54  4:52  Sentry  
  57  4:53  Probe  
  57  4:56  Observer  
  59  5:00  Pylon  
  59  5:01  Probe  
  59  5:02  Assimilator  
  59  5:04  Assimilator  
  59  5:05  Probe  
  61  5:13  Probe  
  62  5:15  Immortal (Chrono Boost)  
  62  5:21  Protoss Ground Weapons Level 1 (Chrono Boost)  
  62  5:23  Probe  
  62  5:25  Probe  
  64  5:35  Twilight Council, Probe  
  65  5:38  Pylon  
  65  5:39  Probe  
  66  5:45  Immortal (Chrono Boost)  
  66  5:49  Pylon  
  70  5:56  Probe  
  71  6:02  Nexus  
  71  6:04  Pylon  
  72  6:11  Probe x2  
  72  6:13  Charge  
  72  6:15  Immortal (Chrono Boost)  
  77  6:26  Sentry  
  77  6:28  Probe x2  
  81  6:34  Gateway  
  81  6:35  Gateway  
  81  6:37  Gateway  
  81  6:41  Gateway  
  81  6:46  Templar Archives  
  81  6:51  Probe x2  
  81  6:53  Shield Battery  
  83  7:01  Immortal  
  87  7:10  Stalker  
  87  7:11  Stalker  
  87  7:21  Probe  
  83  7:22  Probe  
  78  7:31  Probe  
  79  7:38  Immortal (Chrono Boost)  
  79  7:40  Stalker x5  
  83  7:47  Protoss Ground Weapons Level 2 (Chrono Boost)  
  83  7:51  Probe x2  
  83  7:53  Probe  
  86  8:02  Zealot  
  86  8:03  Probe x2  
  86  8:06  Zealot  
  86  8:07  Zealot x3  
  86  8:09  Sentry, Probe  
  101  8:15  Probe  
  98  8:20  Blink (Chrono Boost)  
  98  8:23  Gateway  
  98  8:26  Gateway  
  98  8:32  Zealot x3, High Templar x2  
  108  8:35  Archon  
  108  8:41  Pylon  
  108  8:42  Warp Prism (Chrono Boost)  
  109  8:53  Zealot  
  109  8:54  Zealot  
  109  9:00  Probe x2  
  111  9:03  Photon Cannon  
  111  9:07  Zealot, High Templar x2  
  111  9:09  Photon Cannon  
  117  9:12  Archon, Photon Cannon  
  117  9:14  Pylon  
  117  9:26  Assimilator, Pylon  
  117  9:27  Assimilator, Pylon  
  117  9:28  Pylon  
  117  9:32  Zealot, High Templar x2  
  117  9:33  Zealot  
  117  9:36  Archon  
  125  9:50  Zealot x4  
  130  9:54  Zealot x2  
  134  10:04  Nexus  
  134  10:06  Observer  
  106  10:08  Zealot x2  
  106  10:11  Zealot x2  
  106  10:12  Zealot x2  
  96  10:18  Zealot x2  
  80  10:25  Protoss Ground Weapons Level 3 (Chrono Boost)  
  80  10:28  High Templar x2  
  68  10:29  High Templar x2, Immortal (Chrono Boost)  
  68  10:32  Archon  
  68  10:33  Archon  
  68  10:34  Zealot x4  
  84  10:36  Pylon  
  84  10:39  Robotics Bay  
  84  10:57  Zealot x4  
  84  10:58  Immortal (Chrono Boost)  
  84  11:01  Robotics Facility  
  96  11:08  Zealot x2, High Templar x2  
  103  11:15  Archon  
  103  11:17  Zealot x2  
  107  11:27  High Templar  
  107  11:28  High Templar  
  107  11:31  Nexus  
  108  11:32  Archon  
  108  11:35  Zealot  
  108  11:36  Zealot  
  108  11:42  Disruptor (Chrono Boost)  
  111  11:50  Disruptor (Chrono Boost)  
  109  11:54  Zealot x4  
  109  11:56  Pylon  
  109  12:00  Zealot x4  
  110  12:12  Disruptor (Chrono Boost)  
  114  12:18  Disruptor (Chrono Boost)  
  114  12:20  Stalker x5  
  122  12:25  Stalker x2  
  122  12:27  Probe x2  
  122  12:29  Probe  
  107  12:47  Stalker x4  
  113  12:53  Disruptor (Chrono Boost)  
  112  13:03  Disruptor (Chrono Boost), Zealot x4  
  121  13:05  Probe x3  
  121  13:06  Probe  
  121  13:08  Photon Cannon  
  122  13:24  Stalker x4  
  116  13:36  Zealot x4  
  118  13:54  Zealot x4  
  115  13:58  Zealot x4  
  113  14:14  Stalker x4  
  119  14:18  Disruptor x2  
  121  14:30  Zealot x2  
  121  14:31  Zealot x2  
  108  14:38  Stalker x4  
  108  14:48  Photon Cannon  
  108  14:51  Photon Cannon  
  106  14:54  High Templar  
  106  14:55  High Templar x3  
  106  14:59  Archon x2  
  114  15:01  High Templar x2, Stalker  
  114  15:02  Stalker  
  114  15:04  Shield Battery  
  114  15:07  Archon, Pylon  
  122  15:18  Disruptor (Chrono Boost)  
  122  15:19  Disruptor (Chrono Boost)  
  124  15:38  Photon Cannon  
  122  15:43  Protoss Ground Armor Level 1 (Chrono Boost)  
  122  15:47  Assimilator  
  122  15:48  Assimilator  
  122  15:49  Photon Cannon  
  122  15:54  Observer x2 (Chrono Boost)  
  124  16:09  Photon Cannon  
  123  16:12  Observer  
  123  16:17  Stalker x6  
  123  16:18  Stalker x2  
  136  16:34  Photon Cannon  
  136  16:49  Stalker x3  
  136  16:50  Stalker x5  
  152  16:55  Nexus  
  146  17:13  Disruptor (Chrono Boost)  
  146  17:14  Disruptor (Chrono Boost)  
  149  17:23  Zealot x8  
  165  17:34  Nexus  
  165  17:36  Gravitic Boosters  
  165  17:39  Pylon  
  150  18:01  Photon Cannon  
  150  18:02  Photon Cannon  
  150  18:03  Zealot x8  
  163  18:24  Disruptor x2  
  169  18:29  Photon Cannon x2  
  169  18:30  Pylon  
  169  18:37  Zealot  
  169  18:41  Pylon  
  171  18:43  Pylon  
  171  18:44  Pylon  
  171  18:48  Zealot x6  
  181  19:21  Zealot x8  
  197  19:25  Photon Cannon  
  136  19:54  Stalker x3  
  136  19:55  Stalker x4  
  144  20:10  Photon Cannon  
  144  20:12  Photon Cannon  
  144  20:17  Zealot x3  
  139  20:37  Observer (Chrono Boost)  
  139  20:38  Disruptor (Chrono Boost), High Templar x4  
  139  20:39  High Templar x4  
  139  20:41  Photon Cannon  
  139  20:42  Archon, Photon Cannon  
  159  20:43  Archon x2  
  159  20:44  Archon  
  159  20:51  Shield Battery  
  159  20:54  Disruptor (Chrono Boost)  
  159  20:55  Photon Cannon  
  159  20:56  Pylon  
  160  21:07  Disruptor (Chrono Boost)  
  161  21:18  Assimilator x2  
  161  21:21  Fleet Beacon  
  161  21:23  Stargate  
  159  21:34  Zealot x6  
  171  21:44  Disruptor (Chrono Boost)  
  161  21:54  Zealot  
  161  21:55  Zealot x3  
  169  22:04  Zealot x4  
  167  22:29  Photon Cannon  
  167  22:30  Zealot x2  
  167  22:31  Zealot, Photon Cannon  
  121  23:38  Pylon  
  107  23:50  Nexus  
Show
View Real Time Build Order
Export as new Build Order

ShoWTimE Protoss - Winner!

Build Orders: Phoenix Opening 

Get SALT Encoding   

  12  0:00  Probe  
  13  0:12  Probe  
  14  0:17  Pylon  
  14  0:24  Probe (Chrono Boost)  
  16  0:36  Gateway, Probe (Chrono Boost)  
  16  0:43  Probe (Chrono Boost)  
  16  0:45  Assimilator  
  17  0:50  Probe  
  17  0:53  Assimilator  
  18  1:03  Probe (Chrono Boost)  
  19  1:07  Gateway  
  19  1:12  Probe (Chrono Boost)  
  19  1:17  Probe (Chrono Boost)  
  20  1:23  Cybernetics Core  
  21  1:29  Probe  
  22  1:33  Pylon  
  22  1:41  Probe  
  23  1:53  Probe  
  24  1:57  Warp Gate (Chrono Boost)  
  24  1:59  Adept x2  
  28  2:06  Pylon  
  29  2:08  Probe  
  29  2:29  Pylon  
  29  2:31  Sentry x2  
  33  2:46  Probe  
  33  2:48  Nexus  
  33  2:50  Pylon  
  34  2:58  Sentry x2  
  38  3:00  Probe  
  39  3:06  Phoenix  
  39  3:08  Shield Battery  
  39  3:12  Probe  
  40  3:18  Twilight Council  
  40  3:24  Probe (Chrono Boost)  
  41  3:36  Probe (Chrono Boost)  
  41  3:40  Pylon  
  42  3:41  Probe (Chrono Boost)  
  42  3:42  Stalker  
  42  3:46  Stalker  
  47  4:00  Shield Battery  
  47  4:01  Probe (Chrono Boost)  
  49  4:04  Probe (Chrono Boost)  
  49  4:08  Phoenix  
  49  4:09  Stalker  
  51  4:12  Probe (Chrono Boost)  
  51  4:15  Probe (Chrono Boost)  
  51  4:16  Stalker  
  51  4:17  Probe (Chrono Boost)  
  53  4:22  Blink (Chrono Boost)  
  51  4:24  Probe  
  51  4:28  Probe (Chrono Boost)  
  53  4:32  Pylon  
  54  4:39  Assimilator  
  54  4:40  Probe (Chrono Boost)  
  54  4:41  Probe (Chrono Boost)  
  55  4:45  Forge  
  55  4:48  Probe (Chrono Boost)  
  55  4:51  Probe (Chrono Boost)  
  57  4:53  Stalker  
  57  4:54  Probe  
  60  5:00  Probe  
  61  5:10  Nexus  
  61  5:14  Probe  
  61  5:15  Phoenix  
  61  5:16  Stalker  
  61  5:17  Probe  
  61  5:23  Protoss Ground Weapons Level 1 (Chrono Boost)  
  61  5:25  Pylon  
  61  5:26  Probe  
  62  5:29  Probe  
  63  5:38  Probe  
  63  5:41  Probe  
  63  5:42  Pylon  
  65  5:49  Gateway  
  65  5:50  Gateway  
  65  5:52  Probe  
  65  5:53  Probe  
  67  6:02  Gateway  
  67  6:05  Probe  
  67  6:06  Probe  
  69  6:13  Stalker x2  
  69  6:18  Probe  
  74  6:19  Probe  
  75  6:30  Probe x2  
  75  6:31  Probe  
  78  6:36  Charge  
  78  6:41  Pylon  
  78  6:42  Probe x2  
  78  6:43  Probe, Stalker x3  
  78  6:44  Stalker  
  89  6:54  Probe x2  
  89  6:55  Probe, Pylon  
  89  6:56  Stalker  
  89  7:01  Assimilator  
  94  7:13  Probe  
  95  7:22  Stalker x5  
  105  7:23  Probe  
  105  7:24  Probe  
  98  7:31  Probe  
  98  7:36  Probe  
  98  7:40  Probe  
  92  7:44  Pylon  
  92  7:47  Protoss Ground Weapons Level 2 (Chrono Boost)  
  92  7:49  Stalker x5  
  92  7:51  Probe  
  93  7:57  Probe  
  93  7:58  Probe  
  93  8:03  Probe  
  84  8:07  Pylon  
  84  8:11  Gateway  
  84  8:12  Gateway  
  84  8:13  Assimilator  
  84  8:14  Zealot x5  
  84  8:16  Gateway  
  84  8:18  Templar Archives, Probe x2  
  96  8:26  Probe  
  97  8:27  Assimilator  
  97  8:30  Probe  
  96  8:35  Probe  
  96  8:37  Zealot x3, Pylon  
  96  8:38  Probe  
  104  8:46  Nexus  
  94  8:56  High Templar x2  
  94  9:00  Shield Battery, Archon  
  98  9:03  Shield Battery  
  98  9:05  Robotics Facility, High Templar  
  98  9:06  Zealot x2, High Templar  
  106  9:10  Archon  
  106  9:12  Photon Cannon  
  106  9:14  Photon Cannon  
  106  9:22  Probe x3  
  109  9:29  High Templar x3  
  109  9:30  High Templar, Shield Battery  
  117  9:32  Gateway  
  117  9:34  Probe  
  117  9:36  Archon x2  
  117  9:38  Shield Battery, Gateway  
  118  9:39  Probe x2  
  118  9:44  Shield Battery  
  118  9:48  Zealot x2  
  118  9:51  Warp Prism (Chrono Boost)  
  124  10:01  Zealot x3  
  124  10:02  Zealot  
  124  10:05  Zealot  
  124  10:12  Protoss Ground Weapons Level 3 (Chrono Boost)  
  110  10:14  Zealot x2  
  100  10:25  Observer  
  100  10:28  Probe  
  98  10:30  Probe  
  98  10:31  Probe x2  
  98  10:33  High Templar x4, Photon Cannon  
  109  10:38  Archon x2  
  109  10:39  Zealot x2, Sentry  
  109  10:40  Zealot x2  
  119  10:51  Immortal  
  123  11:05  Pylon  
  123  11:09  Zealot x5, High Templar x2  
  123  11:10  Zealot x2  
  141  11:13  Pylon  
  141  11:14  Archon  
  141  11:22  Pylon  
  141  11:25  Gateway  
  139  11:33  Zealot x5  
  139  11:34  Zealot x2  
  153  11:40  Robotics Bay  
  153  11:44  Robotics Facility  
  153  11:45  Zealot x2  
  157  11:49  Pylon  
  153  12:01  Zealot x3  
  129  12:10  Zealot x6  
  129  12:12  Assimilator  
  129  12:14  Assimilator  
  141  12:23  Zealot x4  
  149  12:30  Disruptor  
  149  12:31  Disruptor  
  149  12:32  Protoss Shields Level 1 (Chrono Boost)  
  147  12:39  Zealot x4  
  147  12:40  Zealot x2  
  145  12:46  Zealot x2  
  145  12:47  Zealot x2  
  137  13:03  Disruptor (Chrono Boost)  
  137  13:08  Stalker x4  
  137  13:09  Stalker x6  
  137  13:12  Pylon  
  163  13:14  Pylon  
  163  13:16  Dark Shrine  
  163  13:18  Disruptor (Chrono Boost)  
  163  13:32  Disruptor  
  158  13:41  Zealot x4, Nexus  
  150  13:42  Zealot x4  
  150  13:47  Observer  
  149  14:03  Pylon  
  149  14:06  Zealot x6  
  149  14:07  Disruptor  
  149  14:08  Disruptor  
  149  14:09  Zealot x2  
  113  14:32  Stalker x4  
  113  14:42  Disruptor (Chrono Boost)  
  113  14:43  Disruptor (Chrono Boost)  
  113  14:44  Stalker x3  
  118  14:53  Dark Templar x3  
  124  15:02  Stalker x3  
  130  15:08  Disruptor (Chrono Boost)  
  130  15:10  Observer (Chrono Boost)  
  130  15:12  Photon Cannon  
  134  15:14  Pylon  
  134  15:23  Dark Templar x2  
  131  15:29  Dark Templar x4  
  131  15:30  Stalker  
  139  15:51  Shadow Stride (Chrono Boost)  
  139  15:58  Nexus  
  139  15:59  Pylon  
  139  16:10  Stalker x5  
  149  16:14  Observer  
  149  16:22  Stalker x4  
  157  16:27  Photon Cannon  
  157  16:34  Photon Cannon  
  157  16:37  Shield Battery  
  157  16:45  Disruptor x2 (Chrono Boost)  
  163  16:54  Pylon, Photon Cannon  
  163  16:57  Stalker x2  
  163  17:16  Dark Templar x5  
  163  17:21  Photon Cannon  
  173  17:25  Assimilator  
  173  17:27  Assimilator  
  173  17:29  Protoss Shields Level 2 (Chrono Boost)  
  173  17:35  Stalker x2  
  177  17:51  Pylon  
  158  18:01  Dark Templar  
  158  18:02  Zealot, Dark Templar x8  
  176  18:11  Pylon  
  169  18:31  Stargate  
  163  18:35  Stalker x3  
  163  18:36  Stalker x6  
  163  18:41  Pylon  
  181  18:43  Observer x2, Gravitic Boosters (Chrono Boost)  
  181  19:04  Observer  
  181  19:06  Dark Templar  
  181  19:07  Dark Templar x2  
  181  19:08  Zealot x4  
  196  19:12  Oracle (Chrono Boost)  
  198  19:32  Nexus  
  192  19:50  Observer  
  171  19:57  Disruptor x2 (Chrono Boost)  
  149  20:03  Stalker x8  
  149  20:04  Stalker  
  164  20:15  Oracle (Chrono Boost)  
  165  20:25  Disruptor x2 (Chrono Boost)  
  165  20:30  Dark Templar  
  165  20:34  Probe  
  165  20:35  Probe x3  
  171  20:36  Pylon, Probe  
  172  20:46  Dark Templar x3  
  178  20:51  Unknown  
  178  20:52  Probe x3  
  178  20:55  Unknown  
  181  20:57  Stalker x2  
  181  21:02  Photon Cannon  
  185  21:13  Dark Templar x3  
  185  21:14  Zealot x2  
  195  21:22  Observer  
  195  21:44  Stalker x2  
  195  21:46  Nexus  
  199  21:57  Pylon  
  191  22:09  Gateway x2  
  191  22:11  Gateway  
  191  22:13  Gateway  
  191  22:16  Cybernetics Core  
  191  22:26  Stalker x4  
  195  22:40  Photon Cannon  
  195  22:41  Photon Cannon  
  189  22:47  Shield Battery  
  189  22:48  Observer, Pylon  
  189  22:50  Pylon  
  174  23:16  Pylon  
  148  23:37  Photon Cannon  
  148  23:38  Photon Cannon  
  148  23:40  Photon Cannon  
  148  23:41  Shield Battery  
  148  23:43  Shield Battery  
  132  24:12  Stalker x4  
  132  24:13  Stalker x2  
  112  24:21  Stalker  

Tags
 
Add a new tag
Caveats
  • Supply blocks, unpowered buildings, or Contaminate may cause inaccurate times.
  • Supply counts are checked every 10 seconds.